 Dungeon Crawl Stone Soup version 0.31.0-12-g77e489cdc1 (webtiles) character file.

Game seed: 11081476932480923929

1353 BoneyBoi1234 the Shooter (level 8, -5/65 HPs)
             Began as a Formicid Hunter on Feb 22, 2024.
             Was a Believer of Zin.
             Slain by a gnoll sergeant
             ... wielding a +4 antimagic spear
              (14 damage)
             ... on level 6 of the Dungeon.
             The game lasted 00:16:23 (6800 turns).

BoneyBoi1234 the Shooter (Formicid Hunter)          Turns: 6800, Time: 00:16:24

Health: -5/65      AC:  9    Str: 17    XL:     8   Next: 95%
Magic:  0/8        EV: 18    Int:  8    God:    Zin [**....]
Gold:   240        SH:  0    Dex: 19    Spells: 7/7 levels left

rFire   . . .        a - +0 shortbow
rCold   . . .        (no shield)
rNeg    . . .        t - +0 ring mail
rPois   .            (helmet unavailable)
rElec   .            u - +0 cloak
rCorr   .            r - +1 pair of gloves
SInv    +            (no boots)
Will    .....        n - amulet of faith
Stlth   +            w - +5 ring of evasion
HPRegen 0.30/turn    (no ring)
MPRegen 0.11/turn

%: faith
@: mighty
A: permanent stasis, dig shafts and tunnels, antennae 3, four strong arms
a: Dig, Shaft Self, Renounce Religion, Recite, Vitalisation, Donate Gold


You were on level 6 of the Dungeon.
You worshipped Zin.
Zin was pleased with you.
You visited 1 branch of the dungeon, and saw 6 of its levels.

You collected 266 gold pieces.
You donated 26 gold pieces to Zin.

Inventory:

Hand Weapons
 a - a +0 shortbow (weapon)
 d - a +0 dagger
Armour
 c - a +0 leather armour
 f - a +0 chain mail
 l - a scarf of repulsion
 r - a +1 pair of gloves (worn)
 t - a +0 ring mail (worn)
 u - a +0 cloak (worn)
Jewellery
 n - an amulet of faith (around neck)
 w - a +5 ring of evasion (left hand)
Talismans
 h - a flux talisman
Scrolls
 b - a scroll of butterflies
 e - 3 scrolls of teleportation
 m - a scroll of vulnerability
 p - a scroll of poison
 v - 3 scrolls of immolation
 x - a scroll of amnesia
 y - a scroll of noise
Potions
 g - a potion of attraction
 j - a potion of degeneration
 k - a potion of enlightenment
 o - a potion of curing {unknown}
 s - a potion of brilliance {unknown}
 z - a potion of berserk rage {unknown}
 A - a potion of ambrosia {unknown}


   Skills:
 * Level 6.4 Fighting
 * Level 6.8 Ranged Weapons
 + Level 3.8 Armour
 * Level 5.2 Dodging
 - Level 1.2 Stealth


You had 7 spell levels left.
You didn't know any spells.
Your spell library contained the following spells:

 Spells                   Type           Power      Damage    Failure   Level
 Mercury Vapours          Alch/Air       0%         N/A       75%         2
 Mephitic Cloud           Conj/Alch/Air  0%         N/A       92%         3
 Freezing Cloud           Conj/Ice/Air   0%         6-21      100%        5


Dungeon Overview and Level Annotations

Branches:
Dungeon (6/15)             Temple (0/1) D:5

Altars:
Cheibriados
Dithmenos
Kikubaaqudgha
Ru
Trog
Uskayaw
Xom
Zin

Annotations:
D:3 3 runed translucent doors, blessed's ghost, amateur OnBe


Innate Abilities, Weirdness & Mutations

You cannot be hasted, slowed, berserked, paralysed or teleported.
You can dig through walls and to a lower floor.
You have a pair of large antennae on your head. (SInv)
Your four strong arms can wield two-handed weapons with a shield.


Message History

The gnoll sergeant hits you from afar with a +4 antimagic spear.
The gnoll hits you with a +0 flail! The gnoll hits you with a +0 club.
You are too injured to fight recklessly!
Okay, then.
You are too injured to fight recklessly!
Fire: a) +0 shortbow
Press: ? - help, Q - select action, (/) - cycle Shift-Dir - straight line, f/p - gnoll
Aim: a gnoll, wielding a +0 club (heavily wounded, 70% to hit)
You shoot an arrow. The arrow barely misses the gnoll.
The gnoll hits you but does no damage. The gnoll misses you.
The gnoll sergeant misses you.
Fire: a) +0 shortbow
Press: ? - help, Q - select action, (/) - cycle Shift-Dir - straight line, f/p - gnoll
Aim: a gnoll, wielding a +0 club (heavily wounded, 70% to hit)
You shoot an arrow. The arrow hits the gnoll.
You kill the gnoll!
The gnoll sergeant hits you from afar with a +4 antimagic spear.
The gnoll misses you. The gnoll attacks as it pursues you!
The gnoll closely misses you.
The gnoll sergeant attacks as it pursues you!
The gnoll sergeant hits you from afar with a +4 antimagic spear.
You feel your power leaking away.
Fire: a) +0 shortbow
Press: ? - help, Q - select action, (/) - cycle Shift-Dir - straight line, f - gnoll
Aim: a gnoll, wielding a +0 flail (70% to hit)
You shoot an arrow. The arrow hits the gnoll.
The gnoll is lightly wounded.
The gnoll sergeant hits you from afar with a +4 antimagic spear!
Fire: a) +0 shortbow
Press: ? - help, Q - select action, (/) - cycle Shift-Dir - straight line, f/p - gnoll
Aim: a gnoll, wielding a +0 flail (lightly wounded, 70% to hit)
You shoot an arrow. The arrow barely misses the gnoll.
The gnoll sergeant hits you from afar with a +4 antimagic spear!
* * * LOW HITPOINT WARNING * * *
You feel your power leaking away. The gnoll barely misses you.
It was a potion of might.
You feel very mighty all of a sudden.
The gnoll sergeant hits you from afar with a +4 antimagic spear!
You die...

#... ..## ## ##... ... ##.
#.... ..## .###..####.... ..#
.............. #.##
##.............. ... #..#
#....##....###.. ...
#..####.....####..# ##. #..
##...gg@..........## #. #...
###.....###..........## #.
.#...##...##..# ###..###..###.
.........###..# #..# #...##.
####...## #..# ##.####.....
##.)..###..# #..##.....#
#.).....#..# ###...#....##
#...........# ###..........#
#............####...#####....#


You could see a gnoll sergeant and a gnoll.

Vanquished Creatures
  Edmund (D:5)
  3 black bears
  A centaur (D:6)
  2 phantoms
  A bullfrog (D:3)
  A scorpion (D:4)
  A jelly (D:4)
  A hound (D:5)
  4 orc priests
  A sleepcap (D:4)
  3 iguanas (D:5)
  3 orc wizards
  3 gnolls (D:6)
  10 adders
  A white imp (D:6)
  4 dart slugs
  3 ribbon worms
  16 orcs
  5 endoplasms
  7 giant cockroaches
  7 hobgoblins
  5 quokkas
  9 ball pythons
  8 bats
  6 frilled lizards
  9 goblins
  5 kobolds
  7 rats
  A butterfly (D:3)
128 creatures vanquished.

Notes
Turn   | Place    | Note
-------+----------+-------------------------------------------
     0 | D:1      | BoneyBoi1234 the Formicid Hunter began the quest for the
                  | Orb.
     0 | D:1      | Reached XP level 1. HP: 16/16 MP: 1/1
    37 | D:1      | Reached XP level 2. HP: 13/22 MP: 2/2
   295 | D:1      | Reached XP level 3. HP: 28/28 MP: 3/3
   881 | D:2      | Found an ancient bone altar of Kikubaaqudgha.
   963 | D:2      | Reached XP level 4. HP: 29/34 MP: 4/4
  1342 | D:2      | Noticed a black bear
  1368 | D:2      | Killed a black bear
  1369 | D:2      | Reached skill level 1 in Armour
  1369 | D:2      | Reached XP level 5. HP: 13/41 MP: 5/5
  2338 | D:3      | Reached skill level 5 in Ranged Weapons
  2346 | D:3      | Reached XP level 6. HP: 40/48 MP: 6/6
  2572 | D:3      | Found a sacrificial altar of Ru.
  2607 | D:3      | Found a hide-covered altar of Uskayaw.
  2626 | D:3      | Found a runed translucent gate.
  2626 | D:3      | Found a runed translucent gate.
  2626 | D:3      | Found a runed translucent gate.
  2628 | D:3      | Noticed blessed's ghost (amateur OnBe)
  3125 | D:3      | Found a shimmering altar of Xom.
  3862 | D:3      | Reached XP level 7. HP: 21/55 MP: 7/7
  4724 | D:4      | Reached skill level 5 in Fighting
  4909 | D:4      | Reached XP level 8. HP: 62/62 MP: 8/8
  4971 | D:4      | Found a bloodstained altar of Trog.
  5058 | D:4      | Found a shadowy altar of Dithmenos.
  5096 | D:4      | Found a glowing silver altar of Zin.
  5163 | D:4      | Became a worshipper of Zin the Law-Giver
  5163 | D:4      | Reached * piety under Zin
  5351 | D:4      | Found an ancient bone altar of Kikubaaqudgha.
  5434 | D:5      | Entered Level 5 of the Dungeon
  5877 | D:5      | Found a staircase to the Ecumenical Temple.
  5952 | D:5      | Reached ** piety under Zin
  6182 | D:5      | Noticed Edmund
  6215 | D:5      | Killed Edmund
  6216 | D:5      | Reached skill level 5 in Dodging
  6447 | D:5      | Found a snail-covered altar of Cheibriados.
  6800 | D:6      | Slain by a gnoll sergeant

Illustrated notes

Levels and vault maps discovered:
D:1:      lightli_arrival_statuegarden, layout_loops_ring
D:2:      layout_basic, serial_forest, infiniplex_forest_lined_ring,
          infiniplex_forest_lined_4_way, infiniplex_forest_lined_corner,
          infiniplex_forest_lined_2, infiniplex_forest_end_1,
          infiniplex_forest_end_3, infiniplex_forest_end_3, basic_altar,
          grunt_decor_one_mirror
D:3:      layout_basic, xom_butterflies, lemuel_round_altar, old_standard_altar,
          gammafunk_ghost_nasty_kobolds, nicolae_figureground_sparkle
D:4:      layout_gridville, grunt_dithmenos_smoke, mainiacjoe_overflow_alcove_2,
          zin_academy, mainiacjoe_overflow_six_doors_small,
          gup_sewer_entry_glass
D:5:      layout_basic, slow_altar_2, minmay_temple_entry_hall, st_stairs_6,
          uniq_edmund
D:6:      layout_layer_cave, mainiacjoe_overflow_boulevard, serial_shops,
          kennysheep_mini

Skill      XL: |  1  2  3  4  5  6  7  8 |
---------------+-------------------------+-----
Dodging        | 2 3 4 5 |  5.2
Fighting       | 3 4 5 6 |  6.4
Armour         | 1 2 3 |  3.8
Ranged Weapons | 5 6 |  6.8
Stealth        | |  1.2

Action                     |  1- 3 |  4- 6 |  7- 9 || total
---------------------------+-------+-------+-------++-------
   Fire: Shortbow          |    91 |   181 |   302 ||   574
Ability: Dig               |     2 |       |       ||     2
    Use: Potion            |     1 |     4 |     2 ||     7
         Scroll            |     1 |     2 |     4 ||     7
 Armour: Leather armour    |    22 |    73 |       ||    95
         Ring mail         |       |    25 |   155 ||   180
         Skin              |       |       |     9 ||     9
  Dodge: Dodged            |    17 |    71 |   166 ||   254
         Repelled          |       |     1 |       ||     1
